 Dungeon Crawl Stone Soup version 0.25-a0-341-g6f074c887a (webtiles) character file.

Game seed: 12034170780376436488, levelgen mode: classic

539 Borgoz the Twirler (level 7, -1/44 HPs)
             Began as a Gargoyle Gladiator on Dec 30, 2019.
             Slain by a hippogriff (6 damage)
             ... on level 5 of the Dungeon.
             The game lasted 00:05:36 (3317 turns).

Borgoz the Twirler (Gargoyle Gladiator)             Turns: 3317, Time: 00:05:36

Health: -1/44      AC: 10    Str: 19    XL:     7   Next: 26%
Magic:  7/7        EV: 12    Int:  9    God:
Gold:   248        SH:  0    Dex: 13    Spells: 6/6 levels left

rFire    + . .     SeeInvis .   a - +0 quarterstaff
rCold    . . .     Gourm    .   (shield currently unavailable)
rNeg     + . .     Faith    .   b - +0 leather armour
rPois    ∞         Spirit   .   c - +0 helmet
rElec    +         Reflect  .   (no cloak)
rCorr    .         Harm     .   (no gloves)
MR       .....                  s - +0 pair of boots
Stlth    +.........             (no amulet)
HPRegen  0.14/turn              o - +2 ring of strength
MPRegen  0.10/turn              m - ring of protection from fire

@: no status effects
A: negative energy resistance 1, electricity resistance, unbreathing,
petrification resistance, rot immunity, AC +4
a: no special abilities


You were on level 5 of the Dungeon.
You were not hungry.

You visited 1 branch of the dungeon, and saw 5 of its levels.

You collected 248 gold pieces.

Inventory:

Hand Weapons
 a - a +0 quarterstaff (weapon)
Armour
 b - a +0 leather armour (worn)
 c - a +0 helmet (worn)
 s - a +0 pair of boots (worn)
Jewellery
 e - an uncursed ring of resist corrosion
 m - a ring of protection from fire (right hand)
 o - a +2 ring of strength (left hand)
Scrolls
 d - 2 scrolls of blinking {unknown}
 g - 2 scrolls of immolation {unknown}
 h - 5 scrolls of remove curse {unknown}
 i - a scroll of noise {unknown}
 j - a scroll of amnesia {unknown}
 k - 3 scrolls of fear {unknown}
 l - 2 scrolls of identify {unknown}
 n - a scroll of enchant weapon {unknown}
 p - 2 scrolls of teleportation {unknown}
 r - a scroll of fog {unknown}
Comestibles
 f - 5 rations
 q - 3 chunks of flesh


   Skills:
 + Level 4.5 Fighting
 * Level 6.1 Staves
 - Level 1.7 Throwing
 + Level 3.8 Armour
 - Level 2.4 Dodging


You had 6 spell levels left.
You didn't know any spells.
Your spell library was empty.

Dungeon Overview and Level Annotations

Branches:
Dungeon (5/15)
 Temple: D:4-7

Altars:
Gozag
Hepliaklqana
Kikubaaqudgha
Qazlal
Wu Jian
The Shining One

Annotations:
D:4 2 transporters


Innate Abilities, Weirdness & Mutations

You are resistant to torment.
Your stone body is resilient. (AC +4)
You are immune to poison.
You resist negative energy. (rN+)
You are resistant to electric shocks. (rElec)
You can survive without breathing.
You are immune to petrification.
You are immune to rotting.


Message History

You closely miss the hippogriff.
The hippogriff is heavily wounded.
The hippogriff bites you.
* * * LOW HITPOINT WARNING * * *
The hippogriff pecks you.
* * * LOW HITPOINT WARNING * * *
The hippogriff completely misses you.
You hit the hippogriff.
The hippogriff is heavily wounded.
The hippogriff completely misses you.
The hippogriff pecks you but does no damage.
The hippogriff claws you.
* * * LOW HITPOINT WARNING * * *
Unknown command.
You barely miss the hippogriff.
The hippogriff is heavily wounded.
The hippogriff bites you but does no damage.
The hippogriff pecks you but does no damage.
The hippogriff claws you.
You die...

#..# #. #..# #(
#..# #. #..# #.
#..# #.### ##..#
#...# ....###
###.# ###...# #H#
###.# #@# #.# #.#
#.# #.# #.# #.#
#.##########.#
####.##.........#
#....##.#########
#.##.##.#
##'#####.#


You could see a hippogriff.

Vanquished Creatures
  A wyvern zombie (D:2)
  A scorpion (D:3)
  A hound (D:5)
  2 orc priests
  3 orc wizards
  A worker ant (D:5)
  Natasha (thrice) (D:2)
  4 gnolls (D:3)
  6 adders
  An ooze (D:2)
  2 worms
  4 leopard geckos
  An orc (D:3)
  6 giant cockroaches
  8 goblins
  6 hobgoblins
  4 jackals (D:3)
  4 kobolds
  2 quokkas
  2 ball pythons (D:3)
  6 bats
  6 frilled lizards
  2 rats
76 creatures vanquished.

Notes
Turn   | Place    | Note
-------+----------+-------------------------------------------
     0 | D:1      | Borgoz the Gargoyle Gladiator began the quest for the Orb.
     0 | D:1      | Reached XP level 1. HP: 12/12 MP: 1/1
   162 | D:1      | Reached XP level 2. HP: 17/18 MP: 2/2
   279 | D:1      | Reached skill level 1 in Armour
   495 | D:1      | Found a glowing golden altar of the Shining One.
   937 | D:1      | Reached XP level 3. HP: 18/22 MP: 3/3
  1084 | D:2      | Noticed Natasha
  1091 | D:2      | Killed Natasha
  1110 | D:2      | Found a stormy altar of Qazlal.
  1112 | D:2      | Reached skill level 4 in Staves
  1171 | D:2      | Reached XP level 4. HP: 24/27 MP: 4/4
  1178 | D:2      | Noticed Natasha
  1185 | D:2      | Killed Natasha
  1246 | D:2      | Found an ancient bone altar of Kikubaaqudgha.
  1296 | D:2      | Reached XP level 5. HP: 32/32 MP: 5/5
  1330 | D:2      | Found an opulent altar of Gozag.
  1341 | D:2      | Found a hazy altar of Hepliaklqana.
  1459 | D:2      | Noticed Natasha
  1470 | D:2      | Killed Natasha
  1894 | D:3      | Reached skill level 5 in Staves
  1894 | D:3      | Reached XP level 6. HP: 30/38 MP: 6/6
  2863 | D:4      | Found a transporter.
  2912 | D:4      | Found a transporter.
  2915 | D:5      | Entered Level 5 of the Dungeon
  2960 | D:5      | Reached XP level 7. HP: 30/44 MP: 7/7
  3085 | D:5      | Reached skill level 6 in Staves
  3273 | D:5      | Found an ornate altar of the Wu Jian Council.
  3300 | D:5      | Noticed a hippogriff
  3317 | D:5      | Slain by a hippogriff

Levels and vault maps discovered:
D:1:      shiori_arrival_oz, layout_basic, kennysheep_flooded_box
D:2:      layout_rooms, kiku_gazebo_pond_becter,
          amethyst_overflow_temple_binary, grunt_qazlal_clouds, uniq_natasha
D:3:      layout_basic
D:4:      gammafunk_wand_slinger, layout_cave_pools, kennysheep_mini_moat,
          lemuel_blue_sif_altar
D:5:      layout_loops_ring, kennysheep_little_box, first_ration, uniq_pikel,
          uniq_prince_ribbit1

Skill      XL: |  1  2  3  4  5  6  7 |
---------------+----------------------+-----
Armour         | 1 2 3 |  3.8
Staves         | 4 5 6 |  6.1
Fighting       | 3 4 |  4.5
Throwing       | |  1.7
Dodging        | |  2.4

Action                   |  1- 3 |  4- 6 |  7- 9 || total
-------------------------+-------+-------+-------++-------
Melee: Quarterstaff      |    92 |   194 |    40 ||   326
Throw: Throwing net      |       |     3 |       ||     3
  Use: Potion            |       |     8 |       ||     8
  Eat: Chunk             |     1 |     6 |     1 ||     8
Armor: Leather armour    |    43 |    80 |    30 ||   153
Dodge: Dodged            |    59 |   125 |    23 ||   207

Table legend:
 A = Non-vault XP
 B = Vault XP
 C = Vault XP percentage of total XP
 D = Non-vault monster count
 E = Vault monster count
 F = Vault count percentage of total count
                 A         B        C        D         E       F
            +---------+---------+-------+---------+---------+-------
      Total |     737 |      34 |   4.4 |      74 |       2 |   2.6
            +---------+---------+-------+---------+---------+-------
        D:1 |      33 |       2 |   5.7 |      21 |       1 |   4.5
        D:2 |     190 |      32 |  14.4 |      14 |       1 |   6.7
        D:3 |     354 |       0 |   0.0 |      33 |       0 |   0.0
        D:4 |       1 |       0 |   0.0 |       1 |       0 |   0.0
        D:5 |     159 |       0 |   0.0 |       5 |       0 |   0.0
            +---------+---------+-------+---------+---------+-------
